 Dungeon Crawl Stone Soup version 0.31-a0-180-g519b7de00c (webtiles) character file.

Game seed: 15626084907528588425

12679 Nicoed the Severer (level 11, 0/113 HPs)
             Began as a Minotaur Fighter on June 20, 2023.
             Was an Elder of Okawaru.
             Slain by a tengu warrior
             ... wielding a +0 broad axe
              (4 damage)
             ... on level 9 of the Dungeon.
             The game lasted 00:15:43 (10632 turns).

Nicoed the Severer (Minotaur Fighter)              Turns: 10632, Time: 00:15:43

Health: 0/113      AC: 20    Str: 25    XL:     11   Next: 65%
Magic:  4/10       EV:  7    Int:  5    God:    Okawaru [****..]
Gold:   493        SH:  0    Dex: 10    Spells: 10/10 levels left

rFire   . . .        u - +1 battleaxe (flame)
rCold   . . .        (shield currently unavailable)
rNeg    . . .        N - +0 plate armour
rPois   .            K - +2 hat
rElec   .            J - +1 cloak {Will+}
rCorr   .            v - +0 pair of gloves
SInv    +            L - +0 pair of boots
Will    +....        (no amulet) Stlth
                     y - ring of see invisible
HPRegen 0.38/turn    (no ring)
MPRegen 0.12/turn

%: no passive effects
@: on berserk cooldown, slowed, very slow
A: horns 2, retaliatory headbutt
a: Renounce Religion, Heroism, Finesse


You were on level 9 of the Dungeon.
You worshipped Okawaru.
Okawaru was greatly pleased with you.
You visited 2 branches of the dungeon, and saw 10 of its levels.
You also visited: Sewer.

You collected 529 gold pieces.
You spent 36 gold pieces at shops.

Inventory:

Hand Weapons
 a - a +0 war axe
 u - a +1 battleaxe of flaming (weapon)
 M - a +2 demon trident of electrocution
Missiles
 C - 3 curare-tipped darts (quivered)
Armour
 c - a +0 buckler
 v - a +0 pair of gloves (worn)
 B - a +1 chain mail of cold resistance
 J - a +1 cloak of willpower (worn)
 K - a +2 hat (worn)
 L - a +0 pair of boots (worn)
 N - a +0 plate armour (worn)
Jewellery
 y - a ring of see invisible (left hand)
Wands
 f - a wand of flame (26)
 t - a wand of polymorph (11)
Scrolls
 d - 3 scrolls of noise {unknown}
 e - 2 scrolls of amnesia {unknown}
 g - 3 scrolls of vulnerability {unknown}
 h - 3 scrolls of fear {unknown}
 i - 4 scrolls of enchant armour {unknown}
 l - 3 scrolls of blinking {unknown}
 r - a scroll of silence {unknown}
 s - 2 scrolls of poison {unknown}
 x - 6 scrolls of teleportation {unknown}
 A - a scroll of enchant weapon
 D - 2 scrolls of identify
 F - a scroll of torment {unknown}
 G - a scroll of brand weapon {unknown}
 I - a scroll of acquirement {unknown}
Potions
 b - 2 potions of attraction
 j - a potion of might
 k - a potion of enlightenment
 m - 2 potions of magic
 n - a potion of mutation
 o - a potion of brilliance
 p - a potion of heal wounds {unknown}
 q - a potion of invisibility
 w - a potion of degeneration
 z - 2 potions of berserk rage
 E - a potion of lignification
 H - a potion of curing


   Skills:
 + Level 15.5 Fighting
 + Level 16.0 Axes
 + Level 8.0 Armour
 - Level 4.0 Shields


You had 10 spell levels left.
You didn't know any spells.
Your spell library contained the following spells:

 Spells                   Type           Power      Damage    Failure   Level
 Apportation              Tloc           0%         N/A       99%         1
 Foxfire                  Conj/Fire      0%         2x1d4     99%         1
 Necrotise                Necr           0%         1d4       99%         1
 Dazzling Flash           Conj/Hex       0%         N/A       100%        3
 Agony                    Necr           0%         N/A       100%        5
 Fireball                 Conj/Fire      0%         3d3       100%        5
 Silence                  Hex/Air        0%         N/A       100%        5
 Plasma Beam              Fire/Air       0%         2x1d10    100%        6
 Starburst                Conj/Fire      0%         6d3       100%        6
 Summon Small Mammal      Summ           Unusable   N/A       N/A         1

Dungeon Overview and Level Annotations

Branches:
Dungeon (9/15)             Temple (1/1) D:5            Lair (0/5) D:9
  Sewer (visited)
    Orc: D:9-12

Altars:
Cheibriados
Dithmenos
Elyvilon
Hepliaklqana
Kikubaaqudgha
Okawaru
Sif Muna
Wu Jian
Zin
The Shining One

Shops:
D:3 (   D:6 =*   D:8 [   D:9 :


Innate Abilities, Weirdness & Mutations

You have a pair of horns on your head.
You reflexively headbutt those who attack you in melee.


Message History

Okawaru accepts your kill.
The cyan ugly thing kicks you but does no damage.
The tengu warrior hits you but does no damage.
The tengu warrior pecks you.
* * * LOW HITPOINT WARNING * * *
The tengu warrior claws you.
* * * LOW HITPOINT WARNING * * *
Your Axes skill increases to level 16!
Your Armour skill increases to level 8!
You barely miss the tengu warrior.
The tengu warrior is heavily wounded.
You completely miss the cyan ugly thing.
You closely miss the killer bee.
You feel sick.
You are no longer poisoned.
The killer bee stings you.
* * * LOW HITPOINT WARNING * * *
The tengu warrior hits you with a +0 broad axe.
* * * LOW HITPOINT WARNING * * *
The tengu warrior pecks you but does no damage.
The tengu warrior claws you but does no damage.
The cyan ugly thing barely misses you.
Unknown command.
Unknown command.
The tengu warrior blocks your attack.
Your headbutt misses the tengu warrior.
The tengu warrior is heavily wounded.
You slice the cyan ugly thing!! You burn the cyan ugly thing.
You completely miss the killer bee.
You are no longer berserk.
You are exhausted.
You feel yourself slow down.
The killer bee stings you but does no damage.
Unknown command.
Unknown command.
Unknown command.
The tengu warrior blocks your attack.
The tengu warrior is heavily wounded.
You closely miss the cyan ugly thing. You miss the killer bee.
The killer bee stings you but does no damage.
The killer bee closely misses you. The tengu warrior barely misses you.
The tengu warrior pecks you.
You die...

...^..'................#
############.........###
# #####...##.......##.#
# #.#.'.)..#......##..#
# ##..####'####..##...#
# #.).#.......#>##....#
#####'##.⌠.).⌠.###....$#
##888.##..⌠....##Q...!$#
.'.[..8#.).⌠...†@uo..[#
##888.##....⌠..##y...()#
#####+##.⌠...⌠.# #....$#
# #...#.......# #....# #
##..####'#### #...# #
#.#.'....# #..#
#####...## #.# ##### ##
#


You could see a cyan ugly thing, a tengu warrior, a killer bee and an orc wizard
(invisible).

Vanquished Creatures
  Gastronok (D:8)
  A death knight (D:9)
  A two-headed ogre (D:8)
  Amaemon (D:8)
  Pikel (D:5)
  An ugly thing (D:9)
  The ghost of Longtemps the Digger, a novice OpEE of Gozag (D:6)
  Maurice (D:8)
  An orange demon (D:8)
  A komodo dragon (D:6)
  A troll (D:9)
  Grinder (D:5)
  A hornet (D:9)
  A vampire (D:9)
  Eustachio (D:6)
  A wyvern (D:9)
  4 water moccasins
  Duvessa (D:4)
  4 orc warriors
  3 ice beasts
  A black bear (D:7)
  2 sky beasts (D:7)
  6 centaurs
  2 ogres
  A phantom (D:6)
  A lemure (D:5)
  Blork the orc (D:5)
  13 kobold brigands
  7 bullfrogs
  2 gnoll sergeants (D:9)
  A scorpion (D:6)
  4 wights
  Dowan (D:4)
  2 killer bees (D:9)
  An electric eel (D:6)
  A howler monkey (D:5)
  2 gnoll boudas
  A hound (D:7)
  An orc priest (D:8)
  2 jellies (D:7)
  3 sleepcaps
  4 iguanas
  6 orc wizards
  Natasha (thrice) (D:3)
  15 gnolls
  16 adders
  A shadow imp (D:5)
  6 worms
  2 dart slugs
  16 orcs
  4 bats (D:1)
  17 endoplasms
  2 giant cockroaches
  13 goblins
  5 hobgoblins
  2 jackals (D:1)
  5 quokkas
  10 ball pythons
  5 frilled lizards
  17 kobolds
  9 rats
241 creatures vanquished.

Vanquished Creatures (others)
  Sigmund (D:3)
1 creature vanquished.

Grand Total: 242 creatures vanquished

Notes
Turn   | Place    | Note
-------+----------+-------------------------------------------
     0 | D:1      | Nicoed the Minotaur Fighter began the quest for the Orb.
     0 | D:1      | Reached XP level 1. HP: 19/19 MP: 0/0
   101 | D:1      | Found a faded altar of an unknown god.
   175 | D:1      | Reached XP level 2. HP: 25/27 MP: 1/1
   366 | D:1      | Reached skill level 3 in Axes
   910 | D:2      | Reached XP level 3. HP: 25/33 MP: 2/2
  1330 | D:2      | Reached skill level 4 in Axes
  1632 | D:3      | Noticed Natasha
  1638 | D:3      | Killed Natasha
  1639 | D:3      | Reached XP level 4. HP: 34/40 MP: 3/3
  1660 | D:3      | Reached skill level 5 in Axes
  1675 | D:3      | Reached XP level 5. HP: 15/46 MP: 4/4
  1968 | D:3      | Found Kipse's Weapon Boutique.
  1968 | D:3      | Noticed Natasha
  1972 | D:3      | Killed Natasha
  1973 | D:3      | Reached skill level 6 in Axes
  1975 | D:3      | Noticed Sigmund
  1991 | D:3      | Killed Sigmund
  1992 | D:3      | Reached skill level 7 in Axes
  1992 | D:3      | Reached XP level 6. HP: 34/52 MP: 5/5
  2204 | D:3      | Noticed Natasha
  2214 | D:3      | Killed Natasha
  2497 | D:4      | Reached skill level 8 in Axes
  2722 | D:4      | Found a snail-covered altar of Cheibriados.
  2734 | D:4      | Noticed Dowan
  2735 | D:4      | Noticed Duvessa
  2736 | D:4      | Found an iron altar of Okawaru.
  2739 | D:4      | Killed Duvessa
  2740 | D:4      | Reached XP level 7. HP: 53/59 MP: 6/6
  2743 | D:4      | Killed Dowan
  2744 | D:4      | Reached skill level 9 in Axes
  2752 | D:4      | Became a worshipper of Warmaster Okawaru
  3239 | D:5      | Entered Level 5 of the Dungeon
  3283 | D:5      | Found a staircase to the Ecumenical Temple.
  3418 | D:5      | Found a glowing drain.
  3419 | D:5      | Noticed Blork the orc
  3434 | D:5      | Killed Blork the orc
  3435 | D:5      | Reached skill level 10 in Axes
  3436 | Sewer    | Entered a sewer
  3875 | Sewer    | Reached XP level 8. HP: 62/66 MP: 7/7
  3943 | Sewer    | Reached * piety under Okawaru
  3944 | Sewer    | Reached skill level 11 in Axes
  4421 | Sewer    | Reached skill level 12 in Axes
  4640 | D:5      | Noticed Grinder
  4648 | D:5      | Noticed Pikel
  4649 | D:5      | Killed Grinder
  4651 | D:5      | Reached ** piety under Okawaru
  4660 | D:5      | Reached XP level 9. HP: 29/95 MP: 8/8
  4668 | D:5      | Killed Pikel
  4669 | D:5      | Reached skill level 13 in Axes
  5372 | D:5      | Found an ancient bone altar of Kikubaaqudgha.
  5510 | D:6      | Found a large runed translucent door.
  5511 | D:6      | Found a large runed translucent door.
  5521 | D:6      | Reached XP level 10. HP: 82/103 MP: 9/9
  5625 | D:6      | Noticed Eustachio
  5630 | D:6      | Killed Eustachio
  5678 | D:6      | Reached skill level 14 in Axes
  5744 | D:6      | Found Dagreoti's Jewellery Shoppe.
  5760 | D:6      | Found a runed translucent gate.
  5760 | D:6      | Found a runed translucent gate.
  5762 | D:6      | Found a runed translucent gate.
  5764 | D:6      | Noticed Longtemps's ghost (novice OpEE)
  5806 | D:6      | Found Vegy's Assorted Antiques.
  5890 | D:6      | Bought 2 metallic brown potions for 36 gold pieces
  6114 | Temple   | Entered the Ecumenical Temple
  6801 | D:6      | Reached *** piety under Okawaru
  7188 | D:6      | Identified the +0 leather armour of Ireujiso {Rampage Will-
                  | Regen+ Dex+3}
  7366 | D:6      | Killed Longtemps's ghost
  7453 | D:6      | Found a white marble altar of Elyvilon.
  7466 | D:6      | Found a glowing golden altar of the Shining One.
  7655 | D:7      | Reached skill level 5 in Armour
  7749 | D:7      | Found a shimmering blue altar of Sif Muna.
  7772 | D:7      | Found a glowing silver altar of Zin.
  7981 | D:7      | Found a hazy altar of Hepliaklqana.
  8043 | D:7      | Reached **** piety under Okawaru
  8258 | D:7      | Reached skill level 15 in Axes
  8367 | D:7      | Found a shadowy altar of Dithmenos.
  8593 | D:8      | Noticed a two-headed ogre
  8597 | D:8      | Killed a two-headed ogre
  8647 | D:8      | Noticed an orange demon
  8653 | D:8      | Killed an orange demon
  8654 | D:8      | Reached XP level 11. HP: 96/111 MP: 7/10
  8659 | D:8      | Noticed Amaemon
  8725 | D:8      | Killed Amaemon
  8978 | D:8      | Found Simef's Armour Shop.
  9210 | D:8      | Noticed Maurice
  9221 | D:8      | Killed Maurice
  9513 | D:8      | Found an ornate altar of the Wu Jian Council.
  9514 | D:8      | Noticed Gastronok
  9528 | D:8      | Killed Gastronok
  9528 | D:8      | Reached ***** piety under Okawaru
  9528 | D:8      | Received a gift from Okawaru
  9529 | D:8      | Reached skill level 15 in Fighting
  9818 | D:9      | Identified the +3 glaive "Teudo" {vamp, Str+2 Int+3}
  9998 | D:9      | Found Dessuv's Book Shoppe.
 10283 | D:9      | Found a staircase to the Lair.
 10606 | D:9      | Noticed a death knight
 10606 | D:9      | Noticed a cyan ugly thing
 10606 | D:9      | Noticed a tengu warrior
 10607 | D:9      | Noticed a green ugly thing
 10624 | D:9      | Killed a death knight
 10629 | D:9      | Killed a cyan ugly thing
 10630 | D:9      | Reached skill level 16 in Axes
 10630 | D:9      | HP: 7/169 [killer bee (3)]
 10632 | D:9      | Slain by a tengu warrior

Illustrated notes

Levels and vault maps discovered:
D:1:      dpeg_arrival_tiny_a, layout_basic, hellmonk_ecumenical_altar_lost_god,
          ebering_dispersal_statue_hall, chequers_serial_rivers_micro_a
D:2:      layout_loops_ring, roderic_serpentine_path
D:3:      layout_rooms, serial_shops, nicolae_shop_advertising_works
          [nicolae_subvault_shop_adworks], uniq_natasha, uniq_sigmund
D:4:      layout_cave_pools, okawaru_trees_2, cheibriados_altar_1,
          minmay_pentomino_pile, uniq_duvessa
D:5:      layout_basic, general_overflow_altar, minmay_temple_entry_waves,
          cheibrodos_sewer_entry_drain, uniq_pikel, uniq_blork_the_orc,
          uniq_grinder
D:6:      nicolae_whirlpool, layout_cave_pools, jmf_multi_god_temple2,
          gammafunk_ghost_split, serial_shops, shop_statue, kennysheep_path_1,
          nicolae_wooded_promenade, minmay_ogre_servants, uniq_eustachio
D:7:      layout_basic, mainiacjoe_overflow_surrounded_room,
          mainiacjoe_overflow_large_starburst,
          mainiacjoe_overflow_six_doors_small
D:8:      layout_loops_ring, mainiacjoe_overflow_alcove_2, serial_shops,
          nicolae_take_the_stairs, uniq_gastronok, uniq_amaemon, uniq_maurice
D:9:      minmay_chambers_of_sevens, layout_stronghold,
          grunt_temple_overflow_opulence, serial_column_ruins,
          column_ruins_hut_pillars, column_ruins_open_tiny,
          column_ruins_corridor_straight, column_ruins_open_tiny,
          column_ruins_grid_3, column_ruins_grid_2, serial_shops, shop_statue,
          nicolae_shop_real_fake_doors, hangedman_minor_gate_pass
Temple:   kb_temple_of_zot

Skill      XL: |  1  2  3  4  5  6  7  8  9 10 11 |
---------------+----------------------------------+-----
Armour         | 4 5 8 |  8.0
Fighting       | 4 14 15 | 15.5
Shields        | 4 |  4.0
Axes           | 3 4 5 7 8 10 12 13 15 16 | 16.0

Action                     |  1- 3 |  4- 6 |  7- 9 | 10-12 || total
---------------------------+-------+-------+-------+-------++-------
  Melee: War axe           |    86 |    89 |       |       ||   175
         Headbutt          |     9 |    11 |    24 |    36 ||    80
         Battleaxe         |       |    35 |   172 |   225 ||   432
         Trident           |       |       |       |    13 ||    13
  Throw: Dart              |       |       |       |     1 ||     1
 Invoke: Heroism           |       |       |       |     5 ||     5
         Finesse           |       |       |       |     1 ||     1
  Evoke: Wand              |       |       |       |     3 ||     3
    Use: Potion            |       |     1 |     5 |     1 ||     7
         Scroll            |       |       |       |     5 ||     5
 Armour: Scale mail        |    29 |       |       |       ||    29
         Chain mail        |    11 |    87 |    90 |    98 ||   286
         Skin              |       |       |     7 |       ||     7
         Plate armour      |       |       |       |    48 ||    48
  Dodge: Dodged            |    41 |    37 |    70 |   100 ||   248
  Block: Buckler           |    23 |    13 |       |       ||    36

Table legend: (Time is in decaauts)
 A = Elapsed time spent in this place.
 B = Non-inter-level travel time spent in this place.
 C = Inter-level travel time spent in this place.
 D = Time resting spent in this place.
 E = Time spent auto-exploring this place.
 F = Levels seen in this place.
 G = Mean time per level.
                   A        B        C        D        E       F      G
               +--------+--------+--------+--------+--------+-----+--------+
         Total |  10938 |  10319 |    619 |   1190 |   7125 |  11 |  994.4 |
       Dungeon |   9549 |   8930 |    619 |   1026 |   6260 |   9 | 1061.0 |
        Temple |      1 |      1 |      0 |      0 |      0 |   1 |    1.0 |
         Sewer |   1387 |   1387 |      0 |    164 |    865 |   1 | 1387.0 |
               +--------+--------+--------+--------+--------+-----+--------+

Top non-repeatable levels by time:
     D:6: 2058 daAuts
   Sewer: 1387 daAuts
     D:5: 1159 daAuts
     D:8: 1105 daAuts
     D:7: 1014 daAuts
     D:3: 883 daAuts
     D:9: 876 daAuts
     D:1: 866 daAuts
     D:4: 793 daAuts
     D:2: 792 daAuts
  Temple: 1 daAuts
